 Dungeon Crawl Stone Soup version 0.19.5 (webtiles) character file.

21 tidbits the Charmwright (level 2, 0/19 HPs)
             Began as a High Elf Skald on Nov 17, 2017.
             Was an Initiate of Cheibriados.
             Slain by an adder (1 damage)
             ... on level 2 of the Dungeon.
             The game lasted 00:01:40 (266 turns).

tidbits the Charmwright (High Elf Skald)             Turns: 266, Time: 00:01:41

Health: 0/19       AC:  3    Str: 12    XL:     2   Next: 62%
Magic:  4/6        EV: 11    Int: 16    God:    Cheibriados [......]
Gold:   80         SH:  0    Dex: 15    Spells: 3 memorised, 1 level left

rFire  . . .     SeeInvis .     a - +0 falchion
rCold  . . .     Gourm    .     b - +0 leather armour
rNeg   . . .     Faith    .     (no shield)
rPois  .         Spirit   .     (no helmet)
rElec  .         Reflect  .     (no cloak)
rCorr  .         Harm     .     (no gloves)
MR     .....                    (no boots)
Stlth  +.........               (no amulet)
                                (no ring)
                                (no ring)

@: lethally poisoned (0 -> -5), infused, very slow
A: no striking features
a: Bend Time, Renounce Religion


You were on level 2 of the Dungeon.
You worshipped Cheibriados.
Cheibriados was noncommittal.
You were not hungry.

You visited 1 branch of the dungeon, and saw 2 of its levels.

You collected 80 gold pieces.

Inventory:

Hand Weapons
 a - a +0 falchion (weapon)
Missiles
 e - 17 arrows
 f - 31 stones (quivered)
Armour
 b - a +0 leather armour (worn)
Scrolls
 g - a scroll of identify {unknown}
 h - a scroll of random uselessness {unknown}
 i - a scroll of remove curse {unknown}
 j - a scroll of amnesia {unknown}
Books
 c - a book of Battle

   Spells                             Type                      Level
   a - Infusion                       Charms                       1
   b - Shroud of Golubria             Charms/Translocation         2
   c - Song of Slaying                Charms                       2
   d - Spectral Weapon                Hexes/Charms                 3
   e - Regeneration                   Charms/Necromancy            3
Comestibles
 d - 2 bread rations
 k - a meat ration
 l - a beef jerky


   Skills:
 + Level 2.2 Fighting
 + Level 2.9 Long Blades
 + Level 1.1 Armour
 + Level 1.3 Dodging
 + Level 2.6 Spellcasting
 + Level 3.8 Charms


You had one spell level left.
You knew the following spells:

 Your Spells              Type           Power        Failure   Level  Hunger
g - Shroud of Golubria    Chrm/Tloc      #.........   17%         2    ##.....
i - Infusion              Chrm           ##..         6%          1    #......
y - Song of Slaying       Chrm           ##......     10%         2    ##.....


Dungeon Overview and Level Annotations

Branches:
Dungeon (2/15)

Altars:
Cheibriados


Message History

* * * LOW HITPOINT WARNING * * *
You barely miss the hobgoblin.
The hobgoblin hits you but does no damage.
The hobgoblin hits you.
* * * LOW HITPOINT WARNING * * *
You slash the hobgoblin!
You kill the hobgoblin!
You have reached level 2!
Memorise Song of Slaying, consuming 2 spell levels and leaving 3?
You start memorising the spell.
You continue memorising. x2
You finish memorising.
Spell assigned to 'y'.
Memorise Shroud of Golubria, consuming 2 spell levels and leaving 1?
You start memorising the spell.
You continue memorising. x2
You finish memorising.
Spell assigned to 'g'.
A gnoll comes into view. It is wielding a club.
You see here a meat ration.
k - a meat ration Your magical contamination has completely faded away.
There is a stone staircase leading down here.
You climb downwards.
Found a bread ration.
There is a stone staircase leading up here.
Found a stone staircase leading down.
Found a beef jerky.
d - 2 bread rations (gained 1)
l - a beef jerky
Found 19 gold pieces.
A bat, an adder and a kobold come into view.
The adder hisses angrily.
The bat misses you.
You riposte.
You hit the bat.
The bat is heavily wounded.
You hit the bat.
You kill the bat!
You hit the kobold.
The kobold is severely wounded.
The kobold hits you.
* * * LOW HITPOINT WARNING * * *
The kobold hits you.
* * * LOW HITPOINT WARNING * * *
Casting: Infusion
Confirm with . or Enter, or press ? or * to list all spells.
You begin infusing your attacks with magical energy.
The kobold hits you.
* * * LOW HITPOINT WARNING * * *
It was a potion of curing.
You feel better. The kobold hits you but does no damage.
You closely miss the kobold.
The kobold is severely wounded.
The kobold barely misses you.
You hit the kobold.
You kill the kobold!
You closely miss the adder. The adder barely misses you. x2
You hit the adder!
The adder is severely wounded.
The adder bites you.
You hit the adder!
You kill the adder!
f - 31 stones (gained 4)
You see here a kobold corpse.
Autopickup is now off.
You see here a bat corpse.
Your magical infusion is running out.
You see here 19 gold pieces.
You now have 80 gold pieces (gained 19).
You are no longer magically infusing your attacks.
You open the door.
Found a snail-covered altar of Cheibriados.
There is an open door here.
There is a snail-covered altar of Cheibriados here.
You kneel at the altar of Cheibriados.
Cheibriados welcomes you!
Cheibriados begins to support your attributes as your movement slows.
You can now bend time to slow others.
You open the door.
There is an open door here.
Found 17 arrows.
You see here 17 arrows.
e - 17 arrows An adder comes into view.
Casting: Infusion
Confirm with . or Enter, or press ? or * to list all spells.
You begin infusing your attacks with magical energy.
The adder hisses angrily.
The adder bites you.
You are poisoned.
The adder poisons you!
You hit the adder!
The adder is severely wounded.
You feel sick. The adder bites you.
* * * LOW HITPOINT WARNING * * *
You closely miss the adder.
The adder is severely wounded.
* * * LOW HITPOINT WARNING * * *
You feel sick. The adder bites you.
* * * LOW HITPOINT WARNING * * *
The adder misses you.
You miss the adder.
The adder is severely wounded.
The adder bites you.
You die...

#....'_###.# #.# .#
#..###'###.# ##†###.. #..#
#.# #.## ##...#...
#..###.###..# #.###†...
.............#####.# #....
#..................# #....
..###.####.######.#...#...
#.# #.####.# #.########
#...S@.# #.# ######### #.#
#...###.# ##.......####
............#
....#.##.##.# ### ... #.
#.##.#.... . #...<..... .
#.##.#....


You could see an adder.

Vanquished Creatures
  An adder (D:2)
  2 bats
  A giant cockroach (D:1)
  2 hobgoblins (D:1)
  3 kobolds
  A frilled lizard (D:1)
  A rat (D:1)
11 creatures vanquished.

Notes
Turn   | Place    | Note
-------+----------+-------------------------------------------
     0 | D:1      | tidbits the High Elf Skald began the quest for the Orb.
     0 | D:1      | Reached XP level 1. HP: 14/14 MP: 4/4
    64 | D:1      | Reached skill level 1 in Armour
   160 | D:1      | Reached XP level 2. HP: 7/19 MP: 2/6
   164 | D:1      | Learned a level 2 spell: Song of Slaying
   167 | D:1      | Learned a level 2 spell: Shroud of Golubria
   232 | D:2      | Found a snail-covered altar of Cheibriados.
   235 | D:2      | Became a worshipper of Cheibriados the Contemplative
   265 | D:2      | HP: 1/19 [adder (4)]
   266 | D:2      | Slain by an adder

Skill      XL: |  1 |
---------------+----+-----
Armour         | 1 |  1.1
Fighting       | |  2.2
Long Blades    | |  2.9
Dodging        | |  1.3
Spellcasting   | |  2.6
Charms         | |  3.8

Action                   || total
-------------------------++-------
Melee: Falchion          ||    32
 Cast: Infusion          ||     4
  Use: Potion            ||     1
Armor: Leather armour    ||     7
Dodge: Dodged            ||    19
       Rpst.: Falchion   ||     4

Table legend:
 A = Turns spent in this place as a percentage of turns spent in the entire game.
 B = Non-inter-level travel turns spent in this place as a percentage of non-inter-level travel turns spent in the entire game.
 C = Inter-level travel turns spent in this place as a percentage of turns spent in this place.
 D = Turns resting spent in this place as a percentage of non-inter-level travel turns spent in this place.
 E = Turns spent auto-exploring this place as a percentage of non-inter-level travel turns spent in this place.
 F = Non-inter-level travel turns spent in this place divided by the number of levels of this place that you've seen.
                   A       B       C       D       E      F
               +-------+-------+-------+-------+-------+----------------------
         Total | 100.0 | 100.0 |   0.0 |   0.0 |   0.0 | 118.5
       Dungeon | 100.0 | 100.0 |   0.0 |   0.0 |   0.0 | 118.5
               +-------+-------+-------+-------+-------+----------------------

Table legend:
 A = Kills in this place as a percentage of kills in entire the game.
 B = Kills by you in this place as a percentage of kills by you in the entire game.
 C = Kills by friends in this place as a percentage of kills by friends in the entire game.
 D = Other kills in this place as a percentage of other kills in the entire game.
 E = Experience gained in this place as a percentage of experience gained in the entire game.
 F = Experience gained in this place divided by the number of levels of this place that you have seen.
                   A       B       C       D       E      F
               +-------+-------+-------+-------+-------+----------------------
         Total | 100.0 | 100.0 |  -nan |  -nan | 100.0 |  15.0
       Dungeon | 100.0 | 100.0 |  -nan |  -nan | 100.0 |  15.0
               +-------+-------+-------+-------+-------+----------------------

Vault maps used:
D:1:      dpeg_arrival_three_same_balls
D:2:      kiku_gazebo_garden_becter, lemuel_doored_altar, minmay_tromino_mix6
